[Event "*** Titled Tuesday Blitz"]
[Site "Chess.com"]
[Date "2020.05.12"]
[Round "7"]
[White "NemtsevIgor"]
[Black "AwareIdea"]
[Result "1-0"]
[WhiteElo "2296"]
[BlackElo "2512"]
[TimeControl "180+1"]
[EndTime "11:18:02 PDT"]
[Termination "NemtsevIgor won by resignation"]

1. d4 d5 2. Bf4 Nf6 3. e3 c5 4.
c3 Nc6 5. Nd2 Qb6 6. Qb3 g6 7.
Ngf3 Bg7 8. Be2 O-O 9. Qxb6 axb6 10. O-O c4 11. h3 b5 12. a3 Nd7 13. e4 Nb6 14. Bc7 dxe4 15. Bxb6 exf3 16. Bxf3 Bf5 17.
Rfe1 e6 18. Ne4 Bxe4 19. Bxe4 Ra6 20. Bc5 Rd8 21. Rad1 b6 22. Bb4 Nxb4 23. axb4 Ra2 24. Re2 e5 25. d5 f5 26. Bb1 Ra1 27. f3 Rd6 28. Kf2 Kf8 29. Ree1 Ke7 30. g4 Kf6 31. h4 h6 32. h5 gxh5 33. gxf5 Kf7 34. Rg1 Bf6 35. Ke3 Bg5+ 36. Ke4 Kf6 37. Rh1 h4 38. Rhg1 Ra7 39. Bc2 Rad7 40. Rg2 Rd8 41. Rh2 Ra8 42. Rdh1 Ra2 43. Bb1 Ra1 44. Bc2 Ra2 45. Bb1 Ra4 46. Rxh4 Bxh4 47. Rxh4 Kg7 48. Rg4+ Kf8 49. Rg6 Rd8 50. Kxe5 Ra1 51. Be4 Re8+ 52. Kf4 Ra2 53. Rxb6 Rxb2 54. Rxb5 Rb3 55. Rb7 Rxc3 56.
f6 Rc1 57. Kf5 Rf1 58. Kg6 Rxe4 59. fxe4 Ke8 60. Rb8+ Kd7 61. f7 c3 62. f8=Q Rxf8 63. Rxf8 c2 64. Rf1 Kd6 65. Rc1 Ke5 66. Rxc2 1-0

[Event "*** Titled Tuesday Blitz"]
[Site "Chess.com"]
[Date "2020.05.12"]
[Round "7"]
[White "moro182"]
[Black "Alexander_Moskalenko"]
[Result "1/2-1/2"]
[WhiteElo "2686"]
[BlackElo "2816"]
[TimeControl "180+1"]
[EndTime "11:18:03 PDT"]
[Termination "Game drawn - insufficient material"]

1. d4 c6 2. Bf4 d5 3. e3 Nf6 4. c4 g6 5. Nf3 Bg7 6. Nc3 O-O 7.
cxd5 Nxd5 8. Nxd5 cxd5 9. Be2 Nc6 10. O-O Bg4 11. Rc1 e6 12. a3 Qd7 13. b4 Bxf3 14. Bxf3 Rfc8 15. Be2 Ne7 16. b5 Nf5 17. Qd2 h5 18. Bd3 Bf8 19. Qa5 Nd6 20. Bxd6 Qxd6 21.
Rxc8 Rxc8 22. Qxa7 Rc3 23. Be2 Qxa3 24. Qxb7 Rc2 25.
Bf3 Rb2 26. g3 Qa5 27. Qd7 Rxb5 28. Rc1 Rb2 29. Qc8 Qd2 30. Rf1 Kg7 31. Qc1 Qb4 32. h4 Bd6 33. Kg2 Qb8 34. Kh3 Qb3 35. Qc6 Be7 36. Qd7 Bf6 37. Qc6 Bxd4 38. Bxd5 exd5 39. exd4 Qf3 40. Qd6 Qg4+ 41. Kg2 Qxd4 42. Kg1 Rb3 43.
Kg2 Qe4+ 44. Kg1 Rd3 45. Qc7 Qd4 46. Kg2 Rd2 47. Qc1 Qe4+ 48. Kg1 Re2 49. Qc3+ d4 50. Qa1 Kh7 51. Rd1 d3 52. Qf6 Re1+ 53. Rxe1 Qxe1+ 54. Kh2 Qe6 55. Qd4 Qf5 56. Kg2 Qb5 57. Kf3 Qb3 58. Ke3 Qe6+ 59. Kxd3 Qe1 60. Qe3 Qd1+ 61. Ke4 Kg7 62. Qd4+ Qxd4+ 63. Kxd4 Kf6 64. Ke4 g5 65.
hxg5+ Kxg5 66. Ke5 Kg4 67. Kf6 Kf3 68. Kxf7 Kxf2 69.
Kg6 Kxg3 70. Kxh5 1/2-1/2

[Event "*** Titled Tuesday Blitz"]
[Site "Chess.com"]
[Date "2020.05.12"]
[Round "7"]
[White "AryanTari"]
[Black "BaMBoMaTTo"]
[Result "1-0"]
[WhiteElo "2917"]
[BlackElo "2642"]
[TimeControl "180+1"]
[EndTime "11:18:03 PDT"]
[Termination "AryanTari won by resignation"]

1. d4 Nf6 2. Bf4 e6 3. Nf3 c5 4.
e3 d5 5. c3 Bd6 6. Bb5+ Nc6 7.
Bg3 O-O 8. O-O Ne4 9. Bxd6 Qxd6 10. Nbd2 Nxd2 11. Qxd2 Bd7 12. dxc5 Qxc5 13. c4 a6 14. b4 Qe7 15. Bxc6 Bxc6 16. Ne5 dxc4 17. Nxc6 bxc6 18. Rac1 c5 19. Rxc4 cxb4 20. Rxb4 Rab8 21. Rfb1 Rxb4 22. Qxb4 Qxb4 23. Rxb4 Rc8 24. g4 h5 25. gxh5 Rc5 26. Rb8+ Kh7 27. Rb7 Kg8 28. Rb8+ Kh7 29. Rf8 f6 30.
Re8 Rxh5 31. Rxe6 Ra5 32. Kg2 Rxa2 33. h4 a5 34. Ra6 a4 35. Kg3 a3 36. e4 Ra1 37.
Kf4 a2 38. Kf5 Rh1 39. Rxa2 Rxh4 40. f4 g6+ 41. Kxf6 Rxf4+ 42. Ke5 Rf1 43. Rg2 Kg7 44. Ke6 Rf6+ 45. Kd5 Kf7 46. Ra2 Rf1 47. Ra7+ Ke8 48. Ke6 Kf8 49. e5 g5 50. Ra4 Kg7 51. Kd7 Rd1+ 52. Ke7 Kg6 53. e6 Kf5 54. Ra5+ Kf4 55. Kf6 g4 56. e7 Re1 57. Rf5+ Kg3 58. Re5 Rf1+ 59. Ke6 1-0

[Event "*** Titled Tuesday Blitz"]
[Site "Chess.com"]
[Date "2020.05.12"]
[Round "7"]
[White "ManuDavid2910"]
[Black "AttilaTurzo"]
[Result "0-1"]
[WhiteElo "2684"]
[BlackElo "2492"]
[TimeControl "180+1"]
[EndTime "11:18:05 PDT"]
[Termination "AttilaTurzo won by resignation"]

1. e4 c5 2. Nf3 Nc6 3. d4 cxd4 4. Nxd4 Nf6 5. Nc3 d6 6. Be2 g6 7. O-O Bg7 8. Be3 O-O 9. Kh1 Bd7 10.
f4 a6 11. Bf3 e5 12. Nb3 exf4 13. Bxf4 Ne5 14. Qxd6 Nc4 15. Qb4 Rc8 16. Qxb7 Bc6 17.
Qxa6 Nxb2 18. Rae1 Nh5 19. Bxh5 Bxc3 20. Re3 Bg7 21.
Bf3 Ba8 22. Re2 Qh4 23. Bg3 Qg5 24. a4 Nc4 25. Qb5 Qe7 26. Rd1 Ne5 27. a5 Bc6 28. Qb6 Nc4 29. Qf2 Bb5 30. Ree1 Ne5 31. Nd4 Bc4 32.
h3 h5 33. Bh4 Qb4 34. Qg3 Rfe8 35. Bg5 Qxa5 36. Bd2 Qb6 37. Bf4 Rcd8 38. c3 Qc5 39. Bg5 Rc8 40. Be3 Qa3 41. Bc1 Qxc3 42. Re3 Nd3 43.
Bxh5 Qxd4 44. Be2 Rxe4 45. Bxd3 Rxe3 46. Bxe3 Qc3 47. Bxc4 Qxc4 48. Qf2 Qe6 49. Re1 Re8 50. Rf1 Qxe3 51. Qxf7+ Kh7 52. Qf3 Qxf3 53. Rxf3 Kg8 54. g3 Rf8 55. Kg2 Rxf3 56. Kxf3 Kf7 57. Kg4 Kf6 58. h4 Bh6 59. Kf3 Kf5 60. g4+ Ke5 61.
g5 Bxg5 62. hxg5 Kf5 63. Kg3 Kxg5 64. Kg2 Kg4 65. Kf2 Kh3 66. Kg1 g5 67. Kh1 g4 68.
Kg1 Kg3 69. Kf1 0-1

[Event "*** Titled Tuesday Blitz"]
[Site "Chess.com"]
[Date "2020.05.12"]
[Round "7"]
[White "Loiacono_Antonio"]
[Black "mirceaparligras"]
[Result "1/2-1/2"]
[WhiteElo "2414"]
[BlackElo "2573"]
[TimeControl "180+1"]
[EndTime "11:18:05 PDT"]
[Termination "Game drawn by repetition"]

1. e4 c5 2. Nf3 d6 3. Bb5+ Nc6 4. O-O Bd7 5. c3 Nf6 6. Re1 a6 7. Ba4 b5 8. Bc2 Bg4 9. h3 Bxf3 10.
Qxf3 g6 11. a4 Rb8 12. axb5 axb5 13.
Na3 Bg7 14. Qe2 Qb6 15. d3 O-O 16. Be3 b4 17. Nc4 Qc7 18. f4 bxc3 19. bxc3 Nd7 20. Bd2 Nb6 21. Bb3 Nxc4 22. Bxc4 Na5 23. Ba2 Nb3 24. Rab1 Nxd2 25. Qxd2 Qa5 26. Rbc1 e6 27. e5 dxe5 28. fxe5 Rfd8 29. Bc4 Qc7 30. Qf4 Rb2 31.
Ra1 Rdb8 32. Ra2 Rxa2 33. Bxa2 Qa5 34. Bc4 Qxc3 35. Qe3 Rb2 36. Re2 Rxe2 37. Qxe2 Bxe5 38. g4 Qc1+ 39. Kg2 Qf4 40. Qf3 Qh2+ 41. Kf1 Bd4 42.
Qa8+ Kg7 43. Qf3 Qg1+ 44. Ke2 Bc3 45. Qf2 Qxf2+ 46. Kxf2 Kf6 47. Kf3 Ke5 48. Ke3 f5 49.
Bb5 Bd4+ 50. Kf3 Kf6 51. Bc4 e5 52. h4 h5 53. gxh5 gxh5 54. Bb5 Ke7 55. Bc4 Bc3 56.
Kf2 e4 57. dxe4 fxe4 58. Ke3 Kf6 59. Be2 Ke5 60. Bxh5 Bd4+ 61. Ke2 c4 62. Bf7 c3 63. Bb3 Kf4 64. Bc2 e3 65. h5 Kg5 66.
Bg6 Kh6 67. Kd3 Kg5 68. Ke2 Kh6 69. Kf3 Bg7 70. Ke2 Kg5 71. Kxe3 Kf6 72. Kd3 Kg5 73. Kc2 Kh6 74. Be8 Bf6 75. Bg6 Bg7 76. Be8 Bh8 77.
Bg6 Bg7 1/2-1/2

[Event "*** Titled Tuesday Blitz"]
[Site "Chess.com"]
[Date "2020.05.12"]
[Round "7"]
[White "Ladislav1969"]
[Black "MPGM"]
[Result "0-1"]
[WhiteElo "2354"]
[BlackElo "2538"]
[TimeControl "180+1"]
[EndTime "11:18:06 PDT"]
[Termination "MPGM won by checkmate"]

1. e4 e5 2. Bc4 Nf6 3. d3 Bc5 4. Nc3 d6 5. Bg5 Be6 6. Nd5 Nbd7 7. Nxf6+ Nxf6 8. Bxe6 fxe6 9. Nf3 O-O 10. c3 Qe8 11. Qd2 a5 12. O-O-O b5 13. Bxf6 Rxf6 14. d4 exd4 15. cxd4 Bb6 16. Qd3 c5 17. dxc5 Bxc5 18. Kb1 a4 19. Rd2 a3 20. b3 e5 21. Rc1 Kh8 22.
Rcc2 b4 23. Nh4 g6 24. Nf3 Qe7 25. Qd5 Raf8 26. Nxe5 Qxe5 27. Qxe5 dxe5 28. Rxc5 Rxf2 29. Rxf2 Rxf2 30. Rxe5 Rb2+ 31. Kc1 Rxa2 32. Rb5 Rxg2 33. Rxb4 a2 34. Ra4 Kg7 35. b4 Kf6 36. b5 Ke6 37. b6 Kd7 38. e5 Kc6 39. e6 Rxh2 40. e7 Re2 41. Rxa2 Rxe7 42. Rb2 Kb7 43. Kd2 Re6 44.
Rb3 Rxb6 45. Rh3 Rd6+ 46. Ke3 Rd7 47. Kf4 Kc6 48. Kg5 Rf7 49. Rd3 Rf5+ 50. Kh6 Rh5+ 51.
Kg7 g5 52. Kf6 h6 53. Kf5 Rh4 54. Rd1 g4 55. Kf4 h5 56. Kg3 Rh3+ 57. Kg2 Kc5 58.
Rd8 Kc4 59. Rg8 Kd3 60. Rg7 Ke4 61. Rg8 Kf4 62. Rf8+ Kg5 63. Ra8 Kh4 64. Ra2 Rb3 65. Kh2 Rb4 66. Kg2 Rf4 67. Kh2 g3+ 68. Kg2 Kg4 69.
Rb2 h4 70. Kh1 h3 71. Re2 Rf1# 0-1

[Event "*** Titled Tuesday Blitz"]
[Site "Chess.com"]
[Date "2020.05.12"]
[Round "7"]
[White "fish7728"]
[Black "tonyq11"]
[Result "1-0"]
[WhiteElo "2056"]
[BlackElo "2196"]
[TimeControl "180+1"]
[EndTime "11:18:06 PDT"]
[Termination "fish7728 won on time"]

1. d4 d5 2. c4 e6 3. Nc3 Nf6 4. Bg5 Be7 5. e3 O-O 6. Bd3 h6 7. h4 dxc4 8. Bxc4 Nd5 9. Bxe7 Nxe7 10. Nf3 b6 11. Qe2 Bb7 12. O-O-O Nd5 13. Nxd5 Bxd5 14.
Bxd5 Qxd5 15. Kb1 Qe4+ 16. Qc2 Qxc2+ 17. Kxc2 Nd7 18. e4 c6 19. Rhe1 Rfd8 20. b4 a5 21. a3 axb4 22. axb4 Ra2+ 23. Kb3 Rxf2 24. Rd2 Rxd2 25. Nxd2 Nf6 26. Kc4 Nd7 27. Ra1 e5 28. Nf3 exd4 29. Nxd4 Ne5+ 30. Kc3 c5 31. bxc5 bxc5 32. Nf5 Rd3+ 33. Kc2 Rd8 34. Ra5 Nd3 35. Ne7+ Kf8 36. Nc6 Nb4+ 37. Nxb4 cxb4 38. Rb5 Rd4 39. g3 Rxe4 40. Kd3 Rg4 41. Ke2 Rxg3 42. Rxb4 g6 43. Kf2 Rh3 44. Kg2 Ra3 45. Re4 Kg7 46. Rf4 h5 47. Kh2 f6 48. Rc4 Ra6 49. Kg3 g5 50.
Rc7+ Kg6 51. Rc8 Ra3+ 52. Kg2 g4 53. Rg8+ Kf7 54. Rh8 Ra5 55. Rh7+ Kg6 56. Rh8 f5 57. Kg3 Ra3+ 58. Kf4 Rf3+ 59. Ke5 Re3+ 60. Kf4 Re4+ 61. Kg3 f4+ 62. Kg2 f3+ 63. Kg3 Re2 64. Rf8 Rg2+ 65.
Kf4 f2 66. Ke3 Rh2 67. Rxf2 Rxh4 68. Kf4 Rh3 69. Rf1 Rb3 70. Rf2 Rb4+ 71. Kg3 Kg5 72. Rd2 h4+ 73. Kg2 h3+ 74. Kh2 Rb3 75. Rd8 1-0

[Event "*** Titled Tuesday Blitz"]
[Site "Chess.com"]
[Date "2020.05.12"]
[Round "7"]
[White "OparinGrigoriy"]
[Black "FelixBlohberger"]
[Result "1/2-1/2"]
[WhiteElo "2909"]
[BlackElo "2637"]
[TimeControl "180+1"]
[EndTime "11:18:07 PDT"]
[Termination "Game drawn by repetition"]

1. Nf3 d5 2. g3 Nd7 3. d4 Nb6 4. Bg2 Bf5 5. Nbd2 e6 6. b3 Be7 7.
Bb2 c6 8. O-O Nf6 9. Nh4 O-O 10.
c4 Bg4 11. h3 Bh5 12. g4 Nfd7 13. Nf5 exf5 14. gxh5 Nf6 15. h6 g6 16. e3 Ne4 17.
Nxe4 fxe4 18. f3 exf3 19. Qxf3 Bg5 20. e4 dxe4 21. Qxe4 Bxh6 22. Rad1 Qe8 23. d5 Qxe4 24. Bxe4 cxd5 25. cxd5 Rad8 26. d6 Rd7 27. Bf6 Re8 28.
Bf3 Bf8 29. Kg2 h5 30. a4 Re6 31. Bg5 Rexd6 32. Rxd6 Bxd6 33. a5 Nc8 34. Rd1 Kf8 35. Be2 a6 36. b4 Ke8 37. b5 Be7 38. bxa6 bxa6 39. Rc1 Bxg5 40. Rxc8+ Bd8 41. Bxa6 Ke7 42. Bb5 Rd5 43. a6 Rxb5 44. a7 Ra5 45. a8=Q Rxa8 46. Rxa8 Bb6 47. Ra6 Bd4 48. Kf3 Kf8 49. Ke4 Bb2 50.
Kd5 Kg7 51. Kd6 Bf6 52. Kd7 Be5 53. Ke7 Bd4 54. Ra3 f5 55. Ke6 Bc5 56. Rc3 Bd4 57. Rd3 Bb2 58. Rd7+ Kg8 59. Rd2 Bg7 60. Re2 Kh7 61. Rg2 Kh6 62. Kf7 g5 63. Re2 Bd4 64. Re6+ Kh7 65. Rg6 g4 66. Rg5 Kh6 67. Rg6+ Kh7 68. Rg5 Kh6 69. h4 Bf2 70. Rg6+ Kh7 71.
Rg7+ Kh6 72. Rg6+ Kh7 73. Rg5 Kh6 74. Rg6+ 1/2-1/2

[Event "*** Titled Tuesday Blitz"]
[Site "Chess.com"]
[Date "2020.05.12"]
[Round "7"]
[White "pirulillo"]
[Black "jerry_77"]
[Result "0-1"]
[WhiteElo "2202"]
[BlackElo "2460"]
[TimeControl "180+1"]
[EndTime "11:18:08 PDT"]
[Termination "jerry_77 won by checkmate"]

1. e4 c6 2. d4 d5 3. e5 c5 4. dxc5 Nc6 5. f4 e6 6. Nf3 Bxc5 7. Bd3 Nge7 8. Qe2 Nb4 9. c3 Nxd3+ 10. Qxd3 O-O 11. Be3 Bxe3 12. Qxe3 Nf5 13. Qf2 b5 14. a3 a5 15. O-O Ba6 16. Rd1 Qc7 17. Nbd2 g6 18.
Nb3 b4 19. axb4 axb4 20. cxb4 Bc4 21. Nbd4 Nxd4 22. Nxd4 Qb6 23. b3 Bb5 24. Rac1 Bd7 25. Qd2 Rfb8 26. Kf2 Ra3 27. Qc3 Rc8 28. Qb2 Rxc1 29. Rxc1 Qxb4 30. Qc3 Ra2+ 31. Kg3 Qxc3+ 32. Rxc3 Rd2 33. Nf3 Rb2 34. Nd4 Kg7 35. Rc2 Rb1 36.
Kf2 Rd1 37. Ke3 h6 38. Rc7 Re1+ 39. Kd2 Re4 40. Kd3 Be8 41. Nxe6+ Kg8 42. Re7 Bb5+ 43. Kd2 fxe6 44. Rxe6 Rxf4 45. Rxg6+ Kf7 46. Rxh6 Rf2+ 47.
Ke3 Rxg2 48. Kd4 Rd2+ 49. Kc5 Bf1 50. Rd6 Bg2 51. b4 Rc2+ 52. Kb6 Ke7 53. b5 Be4 54. h4 Rh2 55. Kc5 Rxh4 56. b6 Rh8 57. b7 d4 58. Rxd4 Bxb7 59. Rg4 Rc8+ 60. Kb6 Bd5 61.
Rg6 Be6 62. Kb5 Rc1 63. Rg7+ Bf7 64. Rg3 Ke6 65. Kb4 Kxe5 66. Re3+ Kd4 67. Rg3 Rb1+ 68.
Ka3 Bc4 69. Rg4+ Kc3 70. Rg3+ Bd3 71. Rh3 Ra1# 0-1

[Event "*** Titled Tuesday Blitz"]
[Site "Chess.com"]
[Date "2020.05.12"]
[Round "7"]
[White "Evgeny81"]
[Black "Jospem"]
[Result "1/2-1/2"]
[WhiteElo "2718"]
[BlackElo "2857"]
[TimeControl "180+1"]
[EndTime "11:18:13 PDT"]
[Termination "Game drawn by repetition"]

1. d4 Nf6 2. c4 e6 3. Nc3 Bb4 4. e3 O-O 5. Bd3 d5 6. Nf3 c5 7. cxd5 exd5 8. dxc5 Nbd7 9. O-O Nxc5 10. Be2 Bf5 11.
Nd4 Bg6 12. Bd2 a6 13. a3 Bxc3 14. Bxc3 Nce4 15. Bb4 Re8 16. Rc1 h5 17. h3 Qd7 18.
Nf3 a5 19. Bc3 Nxc3 20. Rxc3 Qd6 21. Qd4 Ne4 22. Rcc1 Red8 23. Rfd1 b6 24. Ne5 Nc5 25. Qf4 a4 26. Bf3 Ne6 27. Qh2 Rac8 28. Rxc8 Rxc8 29. Nxg6 Qxh2+ 30. Kxh2 fxg6 31. Bxd5 Kf7 32. Rd4 Kf6 33. Bxe6 Kxe6 34. Kg3 b5 35. Rb4 Rc5 36.
e4 g5 37. h4 gxh4+ 38. Kxh4 g6 39. f4 Kf6 40. g4 hxg4 41. Kxg4 Ke6 42. e5 Rd5 43.
Kg5 Kf7 44. Re4 Kg7 45. Re2 Rd1 46. e6 Rg1+ 47. Kh4 Kf8 48. Re5 Ke7 49. Rxb5 Kxe6 50. Rb4 Rg2 51. Kh3 Rc2 52. Kg4 Kf6 53. Rb6+ Kg7 54.
Kf3 Kf7 55. Ke4 Re2+ 56. Kd3 Rf2 57. Ke3 Rc2 58. Kd3 Rf2 59. Rb4 Kf6 60. Kc3 Rf3+ 61. Kc2 Rf2+ 62. Kb1 Rf1+ 63. Ka2 Kf5 64. Rxa4 Rxf4 65.
Ra8 g5 66. a4 g4 67. Ka3 g3 68.
Rf8+ Ke4 69. Rg8 Kf3 70. a5 Rg4 71. Rf8+ Ke2 72. Re8+ Kd2 73. Rd8+ Kc2 74. Rc8+ Kd2 75. Rd8+ Ke2 76. Re8+ Kd2 77. Rd8+ 1/2-1/2

[Event "*** Titled Tuesday Blitz"]
[Site "Chess.com"]
[Date "2020.05.12"]
[Round "7"]
[White "Piotrek1979"]
[Black "grzechu96"]
[Result "1-0"]
[WhiteElo "2374"]
[BlackElo "2589"]
[TimeControl "180+1"]
[EndTime "11:18:13 PDT"]
[Termination "Piotrek1979 won by resignation"]

1. e4 e5 2. Nf3 Nc6 3. Bc4 Nf6 4. d3 h6 5. c3 d6 6. Bb3 g5 7. d4 Bg4 8. d5 Ne7 9. h3 Bd7 10. Nfd2 Bg7 11. c4 Ng6 12. g3 Qe7 13. Nc3 g4 14. h4 Nh5 15. Ba4 O-O 16. Nf1 f5 17.
Bxd7 Qxd7 18. Ne3 f4 19. Qxg4 Qxg4 20. Nxg4 fxg3 21. fxg3 Kh7 22. Rg1 Rf3 23. Ne2 Nf8 24. Be3 Nd7 25. Kd2 Ndf6 26. Nxf6+ Nxf6 27. Nc3 Ng4 28. Rae1 Raf8 29. Nd1 Kg6 30. Ke2 R3f7 31. Ref1 Rxf1 32.
Rxf1 Rb8 33. Nc3 a6 34. Rf5 b5 35. h5+ Kh7 36. c5 Nf6 37. c6 b4 38. Na4 Nxe4 39. Rf7 Rc8 40. Kd3 Nf6 41. Kc4 Kg8 42. Re7 Kf8 43. Re6 Kf7 44. Kxb4 Nxh5 45. Kc4 Nxg3 46. Ba7 Nf5 47. Kb4 h5 48. Nc3 h4 49. Ne4 Bh6 50. Rf6+ Kg7 51. Rxf5 Bf4 52. Rh5 Rh8 53. Rxh8 Kxh8 54.
Bb8 h3 55. Nf2 h2 56. Nh1 Bd2+ 57. Ka4 e4 58. Bxc7 e3 59. Bb6 e2 60. Bf2 Be3 61. Be1 Bb6 62. Kb4 Kg7 63. Kc4 Kf6 64. b4 Ke5 65. a4 Ke4 66. a5 Bc7 67. b5 axb5+ 68. Kxb5 Kd3 69. a6 Bb8 70. Kb6 Kc2 71. Bg3 Kd1 72. c7 Bxc7+ 73. Kxc7 e1=Q 74. Bxe1 Kxe1 75. a7 Kf1 76. a8=Q Kg2 77. Qg8+ Kxh1 78. Qh7 Kg2 79. Qxh2+ Kxh2 80. Kxd6 1-0

[Event "*** Titled Tuesday Blitz"]
[Site "Chess.com"]
[Date "2020.05.12"]
[Round "7"]
[White "JonahWillow"]
[Black "Mili_Brizzi"]
[Result "1/2-1/2"]
[WhiteElo "2677"]
[BlackElo "2467"]
[TimeControl "180+1"]
[EndTime "11:18:13 PDT"]
[Termination "Game drawn - insufficient material"]

1. e4 e5 2. Nf3 Nc6 3. Nc3 Nf6 4. Bb5 Bb4 5. O-O O-O 6. d3 Bxc3 7. bxc3 d6 8. Bg5 Ne7 9. Nh4 c6 10. Bc4 d5 11. Bb3 Qd6 12. Re1 h6 13. Bc1 Be6 14.
a4 Rfe8 15. Ba3 Qc7 16. Rb1 Rad8 17. Qe2 b6 18. Nf3 dxe4 19. dxe4 Ng6 20. g3 Qc8 21.
Rbd1 Rxd1 22. Rxd1 Bxb3 23. cxb3 Qg4 24. Re1 Nf4 25.
Qe3 c5 26. Kh1 Nh3 27. Ng1 Qxe4+ 28. Qxe4 Nxf2+ 29. Kg2 N2xe4 30. Bb2 Rd8 31. Nf3 Rd3 32. Re2 Rd1 33. Nxe5 g6 34. c4 Kf8 35. h3 Rb1 36. g4 h5 37. g5 Nxg5 38. Nxg6+ fxg6 39. Bxf6 Nf7 40. Re3 Rc1 41. Kg3 Rc2 42. Rf3 Rd2 43. Be5 Ke7 44. Bb8 Rd7 45. Re3+ Kf6 46. h4 Kg7 47. Re8 Rb7 48. Bf4 Rd7 49. Kf2 Rd3 50. Re7 Rxb3 51. Rxa7 Kf8 52. Ra8+ Ke7 53. Ra7+ Ke6 54.
Rb7 Nd6 55. Bxd6 Kxd6 56. Rg7 Ke5 57. Rxg6 Kd4 58. Rg5 Kxc4 59. Rxh5 Ra3 60. Rh6 Rxa4 61. Rxb6 Ra2+ 62. Kg3 Ra3+ 63. Kg4 Rb3 64. Rc6 Rb1 65. h5 Kd4 66. h6 Rg1+ 67. Kh5 c4 68. Rd6+ Ke3 69. h7 c3 70. Rh6 Rh1+ 71. Kg6 Rxh6+ 72. Kxh6 c2 73. h8=Q c1=Q 74. Qe5+ Kd2 75. Kg6 Kd1 76.
Qh5+ Kc2 77. Qc5+ Kb2 78. Qb4+ Ka1 79. Qa4+ Kb1 80. Qb3+ Qb2 81. Qxb2+ Kxb2 1/2-1/2

[Event "*** Titled Tuesday Blitz"]
[Site "Chess.com"]
[Date "2020.05.12"]
[Round "7"]
[White "kasparicy"]
[Black "ezkybel"]
[Result "1/2-1/2"]
[WhiteElo "2329"]
[BlackElo "2518"]
[TimeControl "180+1"]
[EndTime "11:18:14 PDT"]
[Termination "Game drawn - insufficient material"]

1. e4 e6 2. d4 d5 3. Nd2 Nf6 4. e5 Nfd7 5. Bd3 c5 6. c3 Nc6 7. Ngf3 cxd4 8. cxd4 f6 9. O-O fxe5 10. dxe5 Bc5 11.
Qc2 Nb4 12. Qb1 Nxd3 13. Qxd3 O-O 14. Nb3 Be7 15. Nbd4 Nc5 16. Qe2 Bd7 17. Bd2 h6 18.
Rac1 Rc8 19. Rfe1 a6 20. Rc2 Ne4 21. Rec1 Rxc2 22. Rxc2 Qb6 23. Be3 Bc5 24. h3 Qa5 25.
a3 Qa4 26. Kh2 b5 27. b3 Qxa3 28. Ra2 Qb4 29. Rxa6 Re8 30. Qa2 Kh7 31. Ra8 Rxa8 32. Qxa8 Bxd4 33. Nxd4 Qe1 34. Nf3 Qc3 35. Qb7 Qc6 36.
Qxc6 Bxc6 37. Nd4 Bd7 38. Kg1 g5 39. Kf1 Kg6 40. Ke2 Nc5 41. f3 Nb7 42. Kd2 Nd8 43. Kc3 Nc6 44. Nxc6 Bxc6 45. Kb4 Kf5 46. Kc5 d4 47.
Bxd4 Bd5 48. b4 Bc4 49. Kd6 Kf4 50. Bf2 h5 51. Be1 g4 52. hxg4 hxg4 53. fxg4 Kxg4 54. Bf2 Kf5 55. Bh4 Kg4 56. Be1 Kf5 57. Ke7 Kxe5 58.
Kd7 Kf5 59. Kd6 e5 60. Kc5 Bf1 61. g3 Ke4 62. Kd6 Kd4 63. g4 e4 64. g5 e3 65.
g6 Bd3 66. g7 Bh7 67. Kc6 Kc4 68. Kb6 Bg8 69. Ka6 Be6 70. Kb6 Bd5 71. Kc7 Bg8 72. Kb6 Bh7 73. Ka5 Bg8 74. Kb6 Be6 75.
Ka5 Kd3 76. Kb6 Bc4 77. Bh4 Kc3 78. g8=Q Bxg8 79. Kxb5 Kd4 80. Ka5 Bc4 81. b5 Bxb5 82. Kxb5 Kd3 83. Be1 Ke2 84. Ba5 Kd1 85. Kc4 e2 86.
Kd3 e1=Q 87. Bxe1 1/2-1/2

[Event "*** Titled Tuesday Blitz"]
[Site "Chess.com"]
[Date "2020.05.12"]
[Round "7"]
[White "Chepaschess"]
[Black "RobertPrieb2007"]
[Result "1-0"]
[WhiteElo "2769"]
[BlackElo "2363"]
[TimeControl "180+1"]
[EndTime "11:18:17 PDT"]
[Termination "Chepaschess won by resignation"]

1. Nf3 Nf6 2. c4 g6 3. Nc3 Bg7 4. e4 d6 5. d4 O-O 6. Be2 e5 7. O-O Nc6 8. dxe5 dxe5 9. Bg5 h6 10. Qxd8 Rxd8 11. Bxf6 Bxf6 12. Nd5 Bg7 13. Nxc7 Rb8 14. Nd5 Bg4 15. Rfd1 f5 16. h3 Bxf3 17. Bxf3 Nd4 18.
Kf1 Rd6 19. Rac1 Bf6 20. c5 Rc6 21. b4 Bg5 22. Rc4 b5 23. Rcxd4 exd4 24. exf5 gxf5 25. Ne7+ Bxe7 26. Bxc6 a5 27. a3 axb4 28. axb4 Bf6 29. Bd7 f4 30. c6 Be5 31. Re1 Bd6 32. Rc1 Bc7 33. Ra1 Kf8 34. Ra7 Bb6 35. Ra6 Bc7 36. Ke2 Ke7 37. Kd3 Kd6 38. Ra1 Rg8 39. Kxd4 Bb6+ 40. Ke4 Rxg2 41. Rd1+ Kc7 42. f3 Rb2 43. Kxf4 Rxb4+ 44. Kf5 Be3 45. Kg6 Rc4 46. Re1 Bf4 47. Kf5 b4 48. Re4 Rxe4 49. Kxe4 Bg5 50. Kd3 Kd6 51. Kc4 Bd2 52. Kd3 Bg5 53. Kc2 Bf4 54. Be8 Kc7 55. h4 Be3 56. h5 Bf4 57. Kb3 Bd2 58.
Kc4 Bc3 59. f4 Kd6 60. f5 Kc7 61. Bd7 Kd6 62. Kd3 Kc7 63. Be8 Kd6 64. Kc2 Kc7 65. Kb3 Kd6 66. Kc4 Kc7 67. Kc5 b3 68. Bf7 b2 69. Ba2 Bf6 70. Bb1 Bg5 71. Kd5 Bf6 72. Be4 Bg5 73. Ke6 b1=Q 74. Bxb1 Kxc6 75. f6 Bxf6 76.
Kxf6 Kd6 77. Bf5 Kd5 78. Kg6 Ke5 79. Kxh6 Kxf5 80. Kg7 Kg5 81. h6 Kf5 82. h7 Kg5 1-0

[Event "*** Titled Tuesday Blitz"]
[Site "Chess.com"]
[Date "2020.05.12"]
[Round "7"]
[White "EvgenyRomanov"]
[Black "petrkostenko"]
[Result "1-0"]
[WhiteElo "2654"]
[BlackElo "2475"]
[TimeControl "180+1"]
[EndTime "11:18:17 PDT"]
[Termination "EvgenyRomanov won on time"]

1. d4 e6 2. c4 b6 3. a3 g6 4. Nc3 Bg7 5. e4 Ne7 6. h4 d5 7. e5 dxc4 8. h5 Nf5 9. Nf3 Bb7 10.
h6 Bf8 11. Bxc4 Nc6 12. d5 Na5 13. Ba2 exd5 14. Nxd5 Bxd5 15. Qxd5 Qxd5 16. Bxd5 Rd8 17. Ba2 Be7 18. Bd2 c5 19. O-O-O Nc6 20. Bc3 Nfd4 21.
Kb1 Ne6 22. Rxd8+ Kxd8 23. Bd5 Kc7 24. g3 Rd8 25. Rd1 Bf8 26. Kc2 Bxh6 27. b4 cxb4 28. axb4 Bf8 29. b5 Nb4+ 30. Bxb4 Bxb4 31. Bxe6 Rxd1 32.
Kxd1 fxe6 33. Ng5 Kd7 34. Nxh7 Bc3 35. f4 Ke7 36. Ke2 Bd4 37. Kf3 Kf7 38. Ke4 Bf2 39.
Ng5+ Ke7 40. g4 Bg3 41. Nf3 Kd7 42. Nd4 Bh2 43. Kf3 Bg1 44. Ke4 Bh2 45. Nf3 Bg3 46. Ke3 Ke7 47. Ng5 Bh4 48. Ne4 Be1 49. Ke2 Bb4 50. Ng5 Kd7 51. Nf3 Bc5 52. Nh4 g5 53. fxg5 Ke7 54. Ng2 Kf7 55. Nf4 Bd4 56. g6+ Ke7 57.
g7 Kf7 58. Nxe6 Bxe5 59. Kd3 Bf6 60. Ke4 Bb2 61. Kd5 Bc3 62. Kc6 Bd2 63. Kb7 Be3 64.
Kxa7 Bf2 65. Kb7 Be3 66. Kc6 Bf2 67. Kd5 Bg1 68. Ke4 Bf2 69. Kf5 Be3 70. g5 Bf2 71. g6+ Kg8 72. Kf6 1-0

[Event "*** Titled Tuesday Blitz"]
[Site "Chess.com"]
[Date "2020.05.12"]
[Round "7"]
[White "DanielDardha2005"]
[Black "AlexTriapishko"]
[Result "1-0"]
[WhiteElo "2653"]
[BlackElo "2761"]
[TimeControl "180+1"]
[EndTime "11:18:19 PDT"]
[Termination "DanielDardha2005 won on time"]

1. e4 e5 2. Bc4 Nc6 3. Nf3 Nf6 4. d3 Bc5 5. c3 d6 6. Bb3 a6 7. h3 O-O 8. Nbd2 Be6 9. Bc2 d5 10. Qe2 dxe4 11. dxe4 b5 12. Ng5 Bc8 13. O-O h6 14. Ngf3 Be6 15. b4 Ba7 16. a4 Nh5 17. Rd1 Nf4 18. Qf1 Qf6 19. Kh2 Qg6 20. Bb3 Bxb3 21. Nxb3 Qxe4 22. axb5 axb5 23. Qxb5 Bxf2 24. Rxa8 Rxa8 25.
Bxf4 exf4 26. Nc5 Bxc5 27. Qxc5 Ra2 28. Rd2 Rxd2 29. Nxd2 Qe6 30. b5 Ne5 31. Qxc7 Qd5 32. Qc8+ Kh7 33. Qf5+ g6 34. Qf6 Qxd2 35. Qxe5 f3 36.
Qg3 fxg2 37. Qxg2 Qxc3 38. Qc6 Qd2+ 39. Kg3 Qe3+ 40. Kg2 Qe2+ 41. Kg1 Qe3+ 42. Kf1 Qd3+ 43. Ke1 Qe3+ 44. Kd1 Qd3+ 45. Kc1 Qa3+ 46. Kc2 Qa2+ 47. Kc3 Qa3+ 48. Kd4 Qb2+ 49. Kd5 Kg7 50. b6 Qg2+ 51. Kd6 Qg3+ 52. Kd7 Qxh3+ 53. Kc7 Qg3+ 54. Qd6 Qc3+ 55.
Kd7 Qh3+ 56. Kd8 Qh4+ 57. Kc8 Qc4+ 58. Qc7 Qg4+ 59. Kb8 Qb4 60. b7 g5 61. Ka8 Qa4+ 62.
Kb8 1-0

[Event "*** Titled Tuesday Blitz"]
[Site "Chess.com"]
[Date "2020.05.12"]
[Round "7"]
[White "GM_LOADING"]
[Black "LivajaM"]
[Result "1/2-1/2"]
[WhiteElo "2453"]
[BlackElo "2278"]
[TimeControl "180+1"]
[EndTime "11:18:20 PDT"]
[Termination "Game drawn by repetition"]

1. e4 c5 2. Nf3 Nc6 3. d4 cxd4 4.
Nxd4 Qc7 5. Nc3 e6 6. Qd3 a6 7.
Nxc6 dxc6 8. Qg3 Qxg3 9. hxg3 Bb4 10. Bd2 e5 11. O-O-O Be6 12. Na4 Bxd2+ 13. Rxd2 Rd8 14. Rxd8+ Kxd8 15. Nc5 Bc8 16. Bc4 Ke7 17. f3 h6 18. g4 Nf6 19. g5 Ne8 20. Nd3 f6 21. gxh6 Rxh6 22. Rxh6 gxh6 23. a4 Nd6 24. Bb3 a5 25. Kd2 h5 26. Ke3 h4 27. Nf2 b6 28.
c3 Ba6 29. Ng4 Bc8 30. Nf2 Ba6 31. Ng4 Bc4 32. Bc2 Be6 33. Bd3 Bb3 34. f4 Nf7 35. Be2 Bxa4 36. Bc4 Nd6 37. Ba2 Bd1 38.
Nf2 Bh5 39. Nd3 Bf7 40. fxe5 fxe5 41. Bb1 Kf6 42. Nf2 Be6 43. Bd3 b5 44. Kf3 c5 45.
Nd1 b4 46. Ne3 a4 47. cxb4 cxb4 48. Nc2 a3 49. bxa3 bxa3 50. Nxa3 Kg5 51. Nc2 Bg4+ 52. Ke3 Bd1 53. Nb4 Bb3 54. Kf3 Be6 55. Nc6 Bg4+ 56.
Ke3 Kf6 57. Nb4 Be6 58. Kf3 Nf7 59. Ke3 Ng5 60. Bf1 Ke7 61. Nd3 Kf6 62. Nf2 Ke7 63.
Be2 Kf6 64. Bg4 Bf7 65. Bf5 Bh5 66. Kd3 Nf7 67. Ke3 Nd6 68. Bh7 Nc4+ 69. Kd3 Nd6 70. Nh3 Bg4 71. Nf2 Kg5 72. Ke3 Nc4+ 73. Kd3 Nb2+ 74.
Ke3 Nc4+ 75. Kd3 Nb2+ 76. Kc2 Nc4 77. Kd3 1/2-1/2